 Dungeon Crawl Stone Soup version 0.19-a0-1803-g97ff39f (console) character file.

2885 Gottschkopf the Thaumaturge (level 9, -4/45 HPs)
             Began as a Deep Elf Air Elementalist on Oct 4, 2016.
             Was a Follower of Vehumet.
             Slain by a killer bee (7 damage)
             ... on level 7 of the Dungeon on Oct 5, 2016.
             The game lasted 00:25:29 (6883 turns).

Gottschkopf the Thaumaturge (DEAE)                  Turns: 6883, Time: 00:25:29

Health: -4/45      AC:  5    Str:  5    XL:     9   Next: 48%
Magic:  7/24       EV: 13    Int: 26    God:    Vehumet [*.....]
Gold:   318        SH:  0    Dex: 15    Spells: 6 memorised, 13 levels left

rFire  . . .     SeeInvis .     k - +1 falchion (elec)
rCold  + . .     Gourm    .     v - troll hide {Purgy}
rNeg   . . .     Faith    .     (no shield)
rPois  .         Spirit   .     (helmet restricted)
rElec  .         Dismiss  .     (no cloak)
rCorr  .         Reflect  .     (no gloves)
MR     +....     Harm     .     y - +2 pair of boots
Stlth  ++........               (no amulet)
                                r - +1 ring of evasion
                                o - ring of protection from magic

@: lethally poisoned (-4 -> -5), repel missiles
A: horns 1, clever 1, cold resistance 1, screaming 1
a: Renounce Religion


You were on level 7 of the Dungeon.
You worshipped Vehumet.
Vehumet was aware of your devotion.
You were not hungry.

You visited 2 branches of the dungeon, and saw 8 of its levels.
You also visited: Sewer.

You collected 318 gold pieces.

Inventory:

Hand Weapons
 f - a +2 spear of distortion
 k - a +1 falchion of electrocution (weapon)
 C - a +0 mace of holy wrath
 F - a +5 short sword
Armour
 a - a +0 robe
 v - a troll hide (worn) {Purgy}
 y - a +2 pair of boots (worn)
Jewellery
 o - a ring of protection from magic (left hand)
 r - a +1 ring of evasion (right hand)
Wands
 u - a wand of confusion (44/48)
 G - a wand of acid (9/15)
Scrolls
 e - a scroll of immolation {unknown}
 i - 4 scrolls of fog
 l - 5 scrolls of teleportation
 z - a scroll of blinking
 E - a scroll of recharging
Potions
 d - 4 potions of flight
 g - 6 potions of curing
 n - 3 potions of heal wounds {unknown}
 p - 3 potions of mutation
 q - a potion of might {unknown}
 s - a potion of haste
 t - a potion of degeneration {unknown}
 x - a potion of invisibility {unknown}
 A - a potion of lignification {unknown}
 D - a potion of agility {unknown}
 H - a potion of resistance {unknown}
Books
 b - a book of Air

   Spells                             Type                      Level
   a - Shock                          Conjuration/Air              1
   b - Swiftness                      Charms/Air                   2
   c - Repel Missiles                 Charms/Air                   2
   d - Static Discharge               Conjuration/Air              3
   e - Lightning Bolt                 Conjuration/Air              5
 I - a book of Callings

   Spells                             Type                      Level
   a - Summon Small Mammal            Summoning                    1
   b - Call Imp                       Summoning                    2
   c - Call Canine Familiar           Summoning                    3
   d - Summon Guardian Golem          Hexes/Summoning              3
   e - Summon Lightning Spire         Summoning/Air                4
   f - Summon Ice Beast               Ice/Summoning                4
Comestibles
 c - 8 bread rations
 h - 3 chunks of flesh
 j - 5 fruits
 m - 6 meat rations
 w - a royal jelly
 B - a slice of pizza
 J - 6 beef jerkies


   Skills:
 - Level 2.4 Dodging
 - Level 2.4 Stealth
 - Level 9.5 Spellcasting
 + Level 8.7 Conjurations
 + Level 8.6 Air Magic


You had 13 spell levels left.
You knew the following spells:

 Your Spells              Type           Power        Failure   Level  Hunger
a - Shock                 Conj/Air       ####         1%          1    None
b - Repel Missiles        Chrm/Air       ####..       1%          2    None
c - Swiftness             Chrm/Air       ####....     1%          2    None
d - Static Discharge      Conj/Air       ######..     1%          3    None
e - Lightning Bolt        Conj/Air       ######....   8%          5    ####...
f - Sandblast             Erth           ##....       12%         1    None


Dungeon Overview and Level Annotations

Branches:
Dungeon (7/15)             Temple (1/1) D:6

Altars:
Ashenzari
Cheibriados
Elyvilon
Hepliaklqana
Kikubaaqudgha
Makhleb
Nemelex Xobeh
Ru
Sif Muna
Trog
Uskayaw
Vehumet
Xom
Yredelemnul

Annotations:
Abyss:1 Pikel


Innate Abilities, Weirdness & Mutations

You have a pair of small horns on your head.
Your mind is acute. (Int +2)
Your flesh is cold resistant. (rC+)
You occasionally shout uncontrollably at your foes.


Message History

Aim: a killer bee (severely wounded)
The zap misses the killer bee.
You feel sick. The killer bee closely misses you. The killer bee stings you.
* * * LOW HITPOINT WARNING * * *
Casting: Shock
Confirm with . or Enter, or press ? or * to list all spells.
Aiming: Shock
Press: ? - help, Shift-Dir - straight line, f/p - killer bee
Aim: a killer bee (severely wounded)
The zap misses the killer bee.
You feel sick. The killer bee stings you.
* * * LOW HITPOINT WARNING * * *
The killer bee stings you.
* * * LOW HITPOINT WARNING * * *
Casting: Shock
Confirm with . or Enter, or press ? or * to list all spells.
Aiming: Shock
Press: ? - help, Shift-Dir - straight line, f/p - killer bee
Aim: a killer bee (severely wounded)
The zap misses the killer bee.
The killer bee stings you!
You die...

...### #.###............# .##.
...# ###.#######........#####.#..
######...#.......####............
# ##............# #............
####...##.....(..# #..........##
)).#...##........# #.......#####
.#...####.......<# ##............
..[..# ######.#####........#####
.##[.### ##>.@y†.........#
.###.).# #...#####.......# .#
###)## ##..## ##.#.#.## .#
#..####..## ......... .#
##.......# #.........# .#
##...###.## #.........# .#
#.........# ###.####### ##
#.........# #.# # ##.........#


You could see a killer bee.

Vanquished Creatures
  Grinder (D:5)
  A hungry ghost (D:7)
  Duvessa (D:5)
  4 slaves (D:5)
  Purgy (Sewer)
  An ice beast (D:7)
  2 sky beasts
  4 ogres
  A phantom (D:7)
  A big kobold (Sewer)
  A bullfrog (D:7)
  Dowan (D:5)
  A scorpion (D:5)
  5 killer bees (D:7)
  A crimson imp (D:6)
  A bullfrog zombie (D:5)
  3 hounds
  3 orc wizards
  2 orc priests (D:5)
  A bullfrog skeleton (D:7)
  2 iguanas
  6 worker ants
  A worker ant zombie (D:7)
  10 gnolls
  9 adders
  A river rat (D:4)
  3 shadow imps
  An ooze (D:5)
  An adder zombie (D:6)
  3 adder skeletons
  2 worms
  A dart slug (D:2)
  2 leopard geckos
  31 orcs
  7 giant cockroaches
  12 goblins
  7 hobgoblins
  4 jackals
  4 kobolds
  6 quokkas
  2 ball pythons
  8 bats
  4 frilled lizards
  A leopard gecko skeleton (D:7)
  A quokka zombie (D:5)
  8 rats
173 creatures vanquished.

Notes
Turn   | Place    | Note
-------+----------+-------------------------------------------
     0 | D:1      | Gottschkopf the Deep Elf Air Elementalist began the quest for the Orb.
     0 | D:1      | Reached XP level 1. HP: 10/10 MP: 6/6
   215 | D:1      | Reached XP level 2. HP: 14/15 MP: 1/8
   282 | D:1      | Learned a level 2 spell: Repel Missiles
   285 | D:1      | Learned a level 2 spell: Swiftness
   329 | D:1      | Reached skill level 4 in Spellcasting
   938 | D:2      | Reached XP level 3. HP: 19/19 MP: 9/11
   945 | D:2      | Learned a level 3 spell: Static Discharge
  1010 | D:2      | Found a bloodstained altar of Trog.
  1147 | D:2      | Reached skill level 5 in Spellcasting
  1683 | D:2      | Reached skill level 6 in Spellcasting
  1683 | D:2      | Reached XP level 4. HP: 24/24 MP: 9/14
  2323 | D:3      | Reached skill level 7 in Spellcasting
  2482 | D:3      | Reached XP level 5. HP: 28/28 MP: 13/16
  2493 | D:3      | Learned a level 5 spell: Lightning Bolt
  2864 | D:3      | Reached skill level 8 in Spellcasting
  3247 | D:4      | Found a glowing drain.
  3277 | Sewer    | Entered a sewer
  3395 | Sewer    | Reached XP level 6. HP: 21/32 MP: 9/19
  3455 | Sewer    | Upgraded the game from 0.19-a0-1790-g026f1ef to 0.19-a0-1803-g97ff39f
  3459 | Sewer    | Noticed Purgy
  3466 | Sewer    | Killed Purgy
  3466 | Sewer    | Reached skill level 9 in Spellcasting
  3656 | D:4      | Reached XP level 7. HP: 7/36 MP: 13/22
  4434 | D:5      | Entered Level 5 of the Dungeon
  4559 | D:5      | Found a sparkling altar of Nemelex Xobeh.
  4614 | D:5      | Noticed Pikel
  4636 | D:5      | Noticed Dowan
  4654 | D:5      | Banished Pikel
  4654 | D:5      | Reached skill level 5 in Conjurations
  4654 | D:5      | Reached skill level 5 in Air Magic
  4654 | D:5      | Reached XP level 8. HP: 13/41 MP: 1/23
  4786 | D:5      | Noticed Duvessa
  4820 | D:5      | Killed Duvessa
  5014 | D:5      | Found an ancient bone altar of Kikubaaqudgha.
  5041 | D:5      | Killed Dowan
  5195 | D:5      | Noticed Grinder
  5216 | D:5      | Killed Grinder
  5330 | D:5      | Gained mutation: Your mind is acute. (Int +2) [mutagenic meat]
  5333 | D:5      | Gained mutation: You occasionally shout uncontrollably at your foes. [mutagenic meat]
  5336 | D:5      | Gained mutation: Your flesh is cold resistant. (rC+) [mutagenic meat]
  5345 | D:5      | Gained mutation: You have a pair of small horns on your head. [mutagenic meat]
  5590 | D:6      | Found a hide-covered altar of Uskayaw.
  5660 | D:6      | Found a staircase to the Ecumenical Temple.
  5669 | Temple   | Entered the Ecumenical Temple
  5736 | Temple   | Became a worshipper of Vehumet
  5869 | D:6      | Found a shattered altar of Ashenzari.
  6373 | D:7      | Reached XP level 9. HP: 26/45 MP: 20/24
  6531 | D:7      | Reached * piety under Vehumet
  6531 | D:7      | Offered knowledge of Sandblast by Vehumet.
  6592 | D:7      | Learned a level 1 spell: Sandblast
  6882 | D:7      | HP: 2/45 [killer bee (1)]
  6883 | D:7      | Slain by a killer bee

Vault maps used:
D:1:      minmay_arrival_solitary_statue, minmay_misc_feat_roman, nrook_uturn,
          kennysheep_nondescript
D:2:      bloody_trog, first_bread
D:4:      portal_sewer_entry_a
D:5:      kiku_gazebo_garden_becter, nemelex_dance_club_becter, uniq_duvessa,
          uniq_pikel, uniq_grinder
D:6:      lemuel_upstairs_altar, eat_drink_and_be_merry_uskayaw,
          lemuel_coloured_pillars_altar, st_stairs_14
D:7:      grunt_ogre_cave
Temple:   jpeg_temple_island
Sewer:    kennysheep_door_sewer

Skill      XL: |  1  2  3  4  5  6  7  8  9 |
---------------+----------------------------+-----
Spellcasting   | 4 6 7 8 9 |  9.5
Conjurations   | 2 5 7 8 |  8.7
Air Magic      | 5 7 8 |  8.6
Dodging        | |  2.4
Stealth        | |  2.4

Action                   |  1- 3 |  4- 6 |  7- 9 || total
-------------------------+-------+-------+-------++-------
Melee: Dagger            |     1 |     6 |       ||     7
       Spear             |       |       |    12 ||    12
       Short sword       |       |       |     8 ||     8
       Headbutt          |       |       |     2 ||     2
       Falchion          |       |       |    12 ||    12
 Cast: Shock             |    73 |   127 |   238 ||   438
       Repel Missiles    |     1 |       |       ||     1
       Static Discharge  |       |     4 |    14 ||    18
       Sandblast         |       |       |     5 ||     5
  Use: Scroll            |       |     4 |    11 ||    15
       Potion            |       |       |     1 ||     1
 Stab: Sleeping          |       |     1 |     2 ||     3
  Eat: Chunk             |     2 |     6 |    17 ||    25
Armor: Robe              |     1 |    18 |     6 ||    25
       Troll hide        |       |       |    21 ||    21
Dodge: Dodged            |     8 |    32 |    88 ||   128
       Deflected         |       |       |     1 ||     1
       Rpst.: Falchion   |       |       |     5 ||     5
